 Dungeon Sprint DCSS version 0.31-a0-841-g038b102fc3 (webtiles) character file.

Game seed: 17344115495714333152

6884 sircluck the Brawler (level 10, 0/178 HPs)
             Began as a Troll Berserker on Sept 27, 2023.
             Was the Champion of Trog.
             Slain by an orc knight
             ... wielding a +0 bardiche
              (15 damage)
             ... in the Dungeon (Sprint VII: "The Pits").
             The game lasted 00:02:26 (1269 turns).

sircluck the Brawler (Troll Berserker)              Turns: 1269, Time: 00:02:26

Health: 0/178      AC:  7    Str: 31    XL:     10   Next: 79%
Magic:  9/9        EV: 15    Int:  3    God:    Trog [******]
Gold:   0          SH:  0    Dex: 12    Spells: 9/9 levels left

rFire   . .          .
                       - Unarmed
rCold   . . .        (no shield)
rNeg    . . .        a - +0 animal skin
rPois   .            (helmet restricted)
rElec   .            (no cloak)
rCorr   .            (gloves unavailable)
SInv    .            (boots unavailable)
Will    .....        (no amulet) Stlth
                     l - +3 ring of protection
HPRegen 1.29/turn    o - +3 ring of dexterity
MPRegen 0.11/turn

%: no teleportation
@: berserking, very quick
A: large, unfitting armour, claws 3, regeneration 1, shaggy fur 1, tough skin 1
a: Renounce Religion, Berserk, Trog's Hand, Brothers in Arms


You were in the Dungeon.
You worshipped Trog.
Trog was exalted by your worship.
You visited 1 branch

Inventory:

Missiles
 k - 8 poisoned darts
Armour
 a - a +0 animal skin (worn)
Jewellery
 l - a +3 ring of protection (left claw)
 o - a +3 ring of dexterity (right claw)
Scrolls
 i - 2 scrolls of vulnerability
 j - a scroll of summoning
Potions
 b - 7 potions of curing
 c - 8 potions of heal wounds
 d - 2 potions of haste
 e - 4 potions of magic
 f - 5 potions of berserk rage
 h - 2 potions of invisibility
 m - a potion of might
 n - a potion of mutation


   Skills:
 + Level 13.2 Fighting
 + Level 13.0 Dodging
 + Level 15.3 Unarmed Combat


You had 9 spell levels left.
You didn't know any spells.
Your spell library was empty.

Dungeon Overview and Level Annotations

Branches:
Dungeon (1/1)

Altars:
Ashenzari
Cheibriados
Dithmenos
Elyvilon
Fedhas
Gozag
Hepliaklqana
Kikubaaqudgha
Makhleb
Nemelex Xobeh
Okawaru
Qazlal
Ru
Sif Muna
Trog
Uskayaw
Vehumet
Wu Jian
Xom
Yredelemnul
Zin
The Shining One
Jiyva
Lugonu


Innate Abilities, Weirdness & Mutations

You are too large for most types of armour.
You have claws for hands.
Your natural rate of healing is unusually fast.
You are covered in fur. (AC +1)
You have tough skin. (AC +1)


Message History

An orc knight comes into view. It is wielding a +0 bardiche.
You claw the warg! You claw the warg!!
You kill the warg!
Trog accepts your kill.
The orc knight hits you from afar with a +0 bardiche!
A spriggan rider comes into view. It is wielding a +0 spear.
You see here a warg corpse.
The spriggan rider shouts!
You hear a shout!
You hear a howl!
The spriggan rider hits you from afar with a +0 spear!
The orc knight hits you with a +0 bardiche!!
You scratch the orc knight but do no damage.
The spriggan rider hits you but does no damage.
The orc knight barely misses you.
A red film seems to cover your vision as you go berserk!
You feel yourself moving faster!
You feel mighty!
The spriggan rider hits you from afar with a +0 spear!!
The orc knight hits you with a +0 bardiche.
You scratch the orc knight but do no damage.
You closely miss the orc knight.
The spriggan rider hits you from afar with a +0 spear!
The orc knight hits you with a +0 bardiche.
* * * LOW HITPOINT WARNING * * *
You claw the orc knight!
The orc knight is lightly wounded.
You closely miss the orc knight.
The orc knight is lightly wounded.
The spriggan rider hits you from afar with a +0 spear.
* * * LOW HITPOINT WARNING * * *
You mangle the orc knight!!
The orc knight is severely wounded.
The orc knight hits you with a +0 bardiche!!
* * * LOW HITPOINT WARNING * * *
You completely miss the orc knight.
The orc knight is severely wounded.
You closely miss the orc knight.
The orc knight is severely wounded.
The spriggan rider hits you from afar with a +0 spear!
* * * LOW HITPOINT WARNING * * *
The orc knight hits you with a +0 bardiche!
You die...

###################+#
....................#
...............†@o..#
##++##############i.#
.# #


You could see an orc knight and a spriggan rider.

Vanquished Creatures
  4 death yaks (D)
  A spriggan druid (D)
  A sea snake (D)
  A deep elf zephyrmancer (D)
  An orc knight (D)
  A gargoyle (D)
  A yaktaur (D)
  2 trolls (D)
  An air elemental (D)
  A fire bat (D)
  A large abomination (D)
  A redback (D)
  A warg (D)
  A floating eye (D)
  An orc warrior (D)
  A black bear (D)
  6 wolves (D)
  A phantom (D)
  A kobold brigand (D)
  A bullfrog (D)
  Jessica (D)
  A hell rat (D)
  A mummy (D)
  2 river rats (D)
  A white imp (D)
  2 ufetubi (D)
  3 orcs (D)
  A ball python (D)
  A giant cockroach (D)
  3 hobgoblins (D)
  A quokka (D)
46 creatures vanquished.

Notes
Turn   | Place    | Note
-------+----------+-------------------------------------------
     0 | D        | sircluck the Troll Berserker began the quest for the Orb.
     0 | D        | Reached XP level 1. HP: 22/22 MP: 0/0
    52 | D        | Noticed a gargoyle
    75 | D        | Killed a gargoyle
    76 | D        | Reached skill level 8 in Unarmed Combat
    76 | D        | Reached XP level 2. HP: 37/37 MP: 1/1
    76 | D        | Reached XP level 3. HP: 45/45 MP: 2/2
    76 | D        | Reached XP level 4. HP: 53/53 MP: 3/3
    76 | D        | Reached XP level 5. HP: 61/61 MP: 4/4
    76 | D        | Reached XP level 6. HP: 68/68 MP: 5/5
   131 | D        | Found a bloodstained altar of Trog.
   131 | D        | Found a shimmering blue altar of Sif Muna.
   131 | D        | Found a viscous altar of Jiyva.
   131 | D        | Found a hazy altar of Hepliaklqana.
   131 | D        | Found an opulent altar of Gozag.
   132 | D        | Found a glowing golden altar of the Shining One.
   132 | D        | Found a glowing silver altar of Zin.
   132 | D        | Found a basalt altar of Yredelemnul.
   132 | D        | Found a shimmering altar of Xom.
   132 | D        | Found an ornate altar of the Wu Jian Council.
   132 | D        | Found a sacrificial altar of Ru.
   132 | D        | Found a stormy altar of Qazlal.
   132 | D        | Found an iron altar of Okawaru.
   132 | D        | Found a sparkling altar of Nemelex Xobeh.
   132 | D        | Found a burning altar of Makhleb.
   132 | D        | Found a blossoming altar of Fedhas.
   132 | D        | Found a white marble altar of Elyvilon.
   132 | D        | Found a shadowy altar of Dithmenos.
   132 | D        | Found a snail-covered altar of Cheibriados.
   135 | D        | Found a corrupted altar of Lugonu.
   135 | D        | Found a radiant altar of Vehumet.
   136 | D        | Found an ancient bone altar of Kikubaaqudgha.
   136 | D        | Found a hide-covered altar of Uskayaw.
   136 | D        | Found a broken altar of Ashenzari.
   170 | D        | Reached ** piety under Trog
   198 | D        | Noticed a floating eye
   203 | D        | Killed a floating eye
   203 | D        | Reached *** piety under Trog
   295 | D        | Reached **** piety under Trog
   317 | D        | Reached skill level 9 in Unarmed Combat
   321 | D        | Reached XP level 7. HP: 75/80 MP: 6/6
   343 | D        | Reached ***** piety under Trog
   353 | D        | Noticed a large abomination
   357 | D        | Killed a large abomination
   358 | D        | Reached skill level 10 in Unarmed Combat
   517 | D        | Noticed Jessica
   521 | D        | Received a gift from Trog
   527 | D        | Killed Jessica
   642 | D        | Noticed a spriggan druid
   642 | D        | Noticed an orc knight
   642 | D        | Noticed a troll
   642 | D        | Noticed a troll
   649 | D        | Killed a troll
   650 | D        | Reached XP level 8. HP: 92/92 MP: 7/7
   653 | D        | Killed an orc knight
   654 | D        | Reached skill level 11 in Unarmed Combat
   659 | D        | Killed a spriggan druid
   660 | D        | Reached skill level 10 in Fighting
   660 | D        | Reached skill level 10 in Dodging
   660 | D        | Reached skill level 12 in Unarmed Combat
   660 | D        | Reached XP level 9. HP: 98/102 MP: 8/8
   660 | D        | Killed a troll
   660 | D        | Received a gift from Trog
   805 | D        | Noticed a death yak
   805 | D        | Noticed a sea snake
   805 | D        | Noticed a death yak
   810 | D        | Noticed a death yak
   811 | D        | Noticed a death yak
   817 | D        | Killed a sea snake
   818 | D        | Reached skill level 13 in Unarmed Combat
   823 | D        | Killed a death yak
   823 | D        | Received a gift from Trog
   828 | D        | Killed a death yak
   829 | D        | Reached skill level 14 in Unarmed Combat
   829 | D        | Reached XP level 10. HP: 80/115 MP: 9/9
   833 | D        | Killed a death yak
   833 | D        | Reached ****** piety under Trog
   835 | D        | HP: 5/117 [death yak (22)]
   975 | D        | Received a gift from Trog
  1151 | D        | Paralysed by an air elemental for 1 turns
  1155 | D        | Killed a death yak
  1157 | D        | Reached skill level 15 in Unarmed Combat
  1185 | D        | Noticed a deep elf zephyrmancer
  1195 | D        | Killed a deep elf zephyrmancer
  1195 | D        | Received a gift from Trog
  1256 | D        | Noticed an orc knight
  1259 | D        | Noticed a spriggan rider
  1269 | D        | Slain by an orc knight

Illustrated notes

Levels and vault maps discovered:
D:        pitsprint [storerooms_1, entrance_room_1, metal_vault_1, armoury_2,
          mini_pit_1, grid_room_1, main_hall_1, silver_pit, the_coven_1,
          the_vestibule_1, steel_vault_2, golden_pit, hallway_of_sentries,
          crystal_vault_4, iron_vault_4, final_vault]

Skill      XL: |  1  2  3  4  5  6  7  8  9 10 |
---------------+-------------------------------+-----
Fighting       | 6 8 9 10 12 13 | 13.2
Dodging        | 6 7 9 10 11 13 | 13.0
Unarmed Combat | 8 9 10 12 14 15 | 15.3

Action                     |  1- 3 |  4- 6 |  7- 9 | 10-12 || total
---------------------------+-------+-------+-------+-------++-------
  Melee: Unarmed           |     2 |    33 |    53 |    48 ||   136
         Punch             |       |     1 |     2 |     3 ||     6
 Invoke: Berserk           |     1 |       |     2 |     1 ||     4
    Use: Potion            |       |       |       |     2 ||     2
         Scroll            |       |       |       |     1 ||     1
 Armour: Animal skin       |     1 |    28 |    29 |    51 ||   109
  Dodge: Dodged            |     1 |    24 |    13 |    25 ||    63

Table legend: (Time is in decaauts)
 A = Elapsed time spent in this place.
 B = Non-inter-level travel time spent in this place.
 C = Inter-level travel time spent in this place.
 D = Time resting spent in this place.
 E = Time spent auto-exploring this place.
 F = Levels seen in this place.
 G = Mean time per level.
                   A        B        C        D        E       F      G
               +--------+--------+--------+--------+--------+-----+--------+
         Total |   1259 |   1193 |     66 |    628 |    115 |   1 | 1259.0 |
       Dungeon |   1259 |   1193 |     66 |    628 |    115 |   1 | 1259.0 |
               +--------+--------+--------+--------+--------+-----+--------+

Top non-repeatable levels by time:
       D: 1259 daAuts
